 Dungeon Crawl Stone Soup version 0.29.1-12-g30fa7ad0bf (webtiles) character file.

Game seed: 4141949288723405205

536 retardedninja the Trooper (level 7, -1/62 HPs)
             Began as a Minotaur Fighter on Jan 17, 2023.
             Slain by Edmund
             ... wielding a +2 flail of venom
              (7 damage)
             ... on level 4 of the Dungeon.
             The game lasted 00:04:30 (4006 turns).

retardedninja the Trooper (Minotaur Fighter)        Turns: 4006, Time: 00:04:31

Health: -1/62      AC:  8    Str: 23    XL:     7   Next: 4%
Magic:  6/6        EV:  8    Int:  5    God:
Gold:   126        SH: 13    Dex:  9    Spells: 6/6 levels left

rFire   . . .      SeeInvis .   a - +0 war axe
rCold   . . .      Faith    .   s - +0 kite shield
rNeg    . . .      Spirit   .   b - +0 scale mail
rPois   .          Reflect  +   (helmet restricted)
rElec   .          Harm     .   m - +0 cloak
rCorr   .          Rampage  .   (no gloves)
Will    .....                   (no boots)
Stlth   ..........              j - amulet of reflection
HPRegen 0.20/turn               (no ring)
MPRegen 0.10/turn               (no ring)

@: lethally poisoned (-1 -> -37)
A: horns 2, retaliatory headbutt
a: no special abilities


You were on level 4 of the Dungeon.
You visited 1 branch of the dungeon, and saw 4 of its levels.

You collected 126 gold pieces.

Inventory:

Hand Weapons
 a - a +0 war axe (weapon)
Armour
 b - a +0 scale mail (worn)
 c - a +0 buckler
 m - a +0 cloak (worn)
 s - a +0 kite shield (worn)
Jewellery
 j - an amulet of reflection (around neck)
Wands
 i - a wand of polymorph (5)
 A - a wand of roots (10)
 B - a wand of flame (29)
 C - a wand of charming (6)
Scrolls
 h - 2 scrolls of poison
 o - a scroll of teleportation
 t - a scroll of amnesia {unknown}
 v - a scroll of fear
 z - a scroll of immolation {unknown}
Potions
 d - a potion of cancellation {unknown}
 f - a potion of magic
 g - a potion of attraction
 l - a potion of resistance
 n - 2 potions of haste
 r - 4 potions of flight
 w - a potion of mutation {unknown}
 x - a potion of curing {unknown}
 D - a potion of berserk rage {unknown}


   Skills:
 + Level 5.7 Fighting
 + Level 5.0 Axes
 + Level 5.7 Armour
 + Level 5.7 Shields


You had 6 spell levels left.
You didn't know any spells.
Your spell library contained the following spells:

 Spells                   Type           Power      Damage    Failure   Level
 Ensorcelled Hibernation  Hex/Ice        0%         N/A       99%         2
 Passwall                 Tmut/Erth      0%         N/A       99%         2
 Swiftness                Air            0%         N/A       100%        3


Dungeon Overview and Level Annotations

Branches:
Dungeon (4/15)
 Temple: D:4-7

Altars:
Kikubaaqudgha
Okawaru

Shops:
D:3 (

Annotations:
D:2 1 runed translucent door, Crazy Yiuf
D:4 Edmund


Innate Abilities, Weirdness & Mutations

You have a pair of horns on your head.
You reflexively headbutt those who attack you in melee.


Message History

You feel much better.
You feel very sick.
Edmund hits you with a +2 flail of venom!
You are more poisoned.
You hit Edmund but do no damage.
Edmund is heavily wounded.
You feel very sick. Edmund barely misses you.
Edmund hits you with a +2 flail of venom.
You are lethally poisoned!
You closely miss Edmund. You headbutt Edmund.
Edmund is heavily wounded.
* * * LOW HITPOINT WARNING * * *
You feel extremely sick.
Edmund says, "People accused me of being a cutpurse!"
Edmund hits you with a +2 flail of venom!
* * * LOW HITPOINT WARNING * * *
You are more poisoned.
You feel much better.
You feel extremely sick. You block Edmund's attack.
You feel much better.
You feel very sick.
Edmund says, "People think my brother is the best.
I think he's crazy."
Edmund hits you with a +2 flail of venom!
You are more poisoned.
You barely miss Edmund.
Edmund is heavily wounded.
You feel extremely sick.
Edmund hits you with a +2 flail of venom!
You are more poisoned.
You closely miss Edmund. You headbutt Edmund.
Edmund is heavily wounded.
* * * LOW HITPOINT WARNING * * *
You feel extremely sick.
Edmund hits you with a +2 flail of venom.
* * * LOW HITPOINT WARNING * * *
You are more poisoned.
Edmund hits you with a +2 flail of venom!
You die...

..#................#
..#.####........####
....!).>........#
..#####.........#
..# #.........# ..#
#.........# ###
#.#####...#
######.### #...###
#........# #...@.#
#........# #...#@#
#........# #...#.#
#........# #...#.#
######.### #...#..
#.# #...### #####
#.### ##### ....#
#...## ..# ###..##


You could see Edmund.

Vanquished Creatures
  Sigmund (D:2)
  The ghost of growler the Trooper, an amateur DsWn (D:3)
  Blork the orc (D:4)
  Natasha (thrice) (D:4)
  An orc wizard (D:3)
  6 adders
  A dart slug (D:2)
  15 orcs (D:3)
  4 endoplasms
  4 giant cockroaches
  6 hobgoblins
  4 quokkas
  8 ball pythons
  A bat (D:2)
  2 frilled lizards
  5 kobolds
  2 rats (D:2)
65 creatures vanquished.

Notes
Turn   | Place    | Note
-------+----------+-------------------------------------------
     0 | D:1      | retardedninja the Minotaur Fighter began the quest for the
                  | Orb.
     0 | D:1      | Reached XP level 1. HP: 19/19 MP: 0/0
   761 | D:2      | Reached XP level 2. HP: 16/27 MP: 1/1
  1067 | D:2      | Reached XP level 3. HP: 33/33 MP: 2/2
  1118 | D:2      | Found a runed translucent door.
  1119 | D:2      | Noticed Crazy Yiuf
  1265 | D:2      | Noticed Sigmund
  1274 | D:2      | Killed Sigmund
  1275 | D:2      | Reached XP level 4. HP: 41/41 MP: 3/3
  1275 | D:2      | Reached XP level 5. HP: 47/47 MP: 4/4
  1287 | D:2      | Reached skill level 5 in Armour
  1287 | D:2      | Found an ancient bone altar of Kikubaaqudgha.
  1510 | D:3      | Noticed growler's ghost (amateur DsWn)
  1510 | D:3      | Found a runed translucent gate.
  1510 | D:3      | Found a runed translucent gate.
  1510 | D:3      | Found a runed translucent gate.
  1511 | D:3      | Identified the +3 spear "Conservator" {vorpal, rElec}
  1511 | D:3      | Identified the +2 leather armour of the Bruised Things
                  | {rC++ Will-}
  1518 | D:3      | Reached skill level 5 in Fighting
  1581 | D:3      | Reached skill level 5 in Shields
  1974 | D:3      | Found Onuefum's Antique Weapon Shoppe.
  2074 | D:3      | Reached XP level 6. HP: 27/56 MP: 5/5
  2400 | D:3      | Found an iron altar of Okawaru.
  2569 | D:3      | Killed growler's ghost
  2695 | D:4      | Noticed Natasha
  2700 | D:4      | Killed Natasha
  2736 | D:4      | Noticed Natasha
  2742 | D:4      | Killed Natasha
  2840 | D:4      | Found an ancient bone altar of Kikubaaqudgha.
  2953 | D:4      | Noticed Blork the orc
  2953 | D:4      | Noticed Natasha
  3912 | D:4      | Killed Natasha
  3918 | D:4      | Killed Blork the orc
  3919 | D:4      | Reached skill level 5 in Axes
  3919 | D:4      | Reached XP level 7. HP: 62/62 MP: 6/6
  3992 | D:4      | Noticed Edmund
  4002 | D:4      | HP: 3/62 [Edmund/+2 flail of venom (9)]
  4006 | D:4      | Slain by Edmund

Illustrated notes

Levels and vault maps discovered:
D:1:      amcnicky_arrival_wind_blow, layout_basic
D:2:      layout_basic, basic_altar, uniq_crazy_yiuf_cottage, uniq_sigmund
D:3:      layout_basic, lemuel_doored_altar, serial_shops, shop,
          biasface_ghost_orc_armoury
D:4:      minmay_chambers_of_twos, layout_basic, marbit_many_paths,
          uniq_eustachio, uniq_natasha, uniq_edmund, uniq_blork_the_orc

Skill      XL: |  1  2  3  4  5  6 |
---------------+-------------------+-----
Armour         | 4 5 |  5.7
Fighting       | 4 5 |  5.7
Shields        | 4 5 |  5.7
Axes           | 3 4 5 |  5.0

Action                   |  1- 3 |  4- 6 |  7- 9 || total
-------------------------+-------+-------+-------++-------
Melee: War axe           |    45 |    96 |    10 ||   151
       Headbutt          |     4 |     9 |     2 ||    15
       Unarmed           |       |     6 |       ||     6
  Use: Scroll            |       |    12 |       ||    12
       Potion            |       |     4 |     3 ||     7
Armor: Scale mail        |    12 |    33 |       ||    45
       Skin              |       |     8 |       ||     8
Dodge: Dodged            |    18 |    35 |     1 ||    54
Block: Buckler           |    22 |     2 |       ||    24
       Reflection        |     3 |     1 |       ||     4
       Kite shield       |       |    75 |     5 ||    80
       Other             |       |     1 |       ||     1
